casaubon, chaotic female elven Wizard --------- |>......| ----- ----------- |.M@....| |...| |.........-##0 |.......| |...| |.(.......| # |.......| |..>| #..........| #0# |.......| #....-########-|----.----##0################# --)------ #|...| ########### ### ---------.--- ####### #----- # # |...........| # # ### ####............| ### # ############ ###|...........| # # -.----.---- ###-...........| ##### # |.........| ### ------------- ----------.-.--# |.........| # |..............# |.........| ### |.<...........| |.........| # |.............| |..........### --------------- ----------- casaubon the Thaumaturge Experience level: 8 Strength: 12 Dexterity: 15 Constitution: 14 Intelligence: 15 Wisdom: 12 Charisma: 9 Health: 0(54) Energy: 22(115) AC: 8 Gold: 22 Moves: 3274 Your Inventory: Coins $ - 22 gold pieces Weapons R - an [uncursed +0] elven dagger (weapon in hand) Armor z - an uncursed +0 cloak of magic resistance (being worn) Z - an [uncursed] +0 iron skull cap [orcish helm] (being worn) Potions f - an uncursed potion of gain energy h - an uncursed potion of healing Rings d - an uncursed ring of poison resistance e - an uncursed ring of slow digestion (on right hand) Wands c - an uncursed wand of cold (0:2) K - an [uncursed] wand of slow monster [0:3] L - an [uncursed] wand of fire [0:3] N - an [uncursed] wand of striking [0:3] T - an [uncursed] wand of magic missile [0:4] Tools b - an [uncursed] bag called holding? [of holding] k - an [uncursed] key [skeleton key] C - 3 [uncursed tallow] candles W - an uncursed blindfold Contents of the bag of holding: 828 gold pieces a blessed +1 quarterstaff an [uncursed +0] spear an [uncursed +0] iron skull cap [orcish helm] an [uncursed +0] iron skull cap [orcish helm] an [uncursed +0] iron skull cap [orcish helm] an [uncursed +0] iron skull cap [orcish helm] a [blessed +0] iron skull cap [orcish helm] an [uncursed +1] iron skull cap [orcish helm] an [uncursed +0] iron skull cap [orcish helm] an [uncursed +0] pair of hard shoes [iron] 4 [uncursed] food rations an [uncursed] lizard corpse an [uncursed] scroll labeled DAIYEN FOOELS [of confuse monster] a [cursed] scroll labeled LOREN IPSUM [of enchant armor] a [cursed] scroll labeled PRATYAVAYAH [of stinking cloud] an [uncursed] scroll labeled YUM YUM [of magic mapping] an [uncursed] scroll labeled ZLORFIK [of light] an uncursed scroll of enchant weapon a [blessed] scroll of enchant weapon 2 uncursed scrolls of gold detection an [uncursed] dog eared spellbook [of cure sickness] a blessed spellbook of force bolt an uncursed spellbook of healing an [uncursed] spellbook of light an [uncursed] dark green potion [of invisibility] an [uncursed] emerald potion [of gain ability] an [uncursed] icy potion [of fruit juice] an uncursed potion of sickness an [uncursed] ruby potion [of blindness] an [uncursed] silver potion [of extra healing] a [blessed] squishy potion [of object detection] an [uncursed] pearl ring [of regeneration] an [uncursed] wand of slow monster [0:6] an [uncursed] bell an [uncursed wax] candle an [uncursed tallow] candle an uncursed leather drum an uncursed magic marker (0:39) an [uncursed +0] pick-axe an [uncursed] white gem [worthless glass] an [uncursed] yellowish brown gem [worthless glass] an [uncursed] yellowish brown gem [amber] Spells known in the end: Name Level Category Fail Memory a - force bolt 1 attack 3% [|||||||.] b - healing 1 healing 3% [|||||||.] c - light 1 divination 3% [||||||||] Your skills at the end: Fighting Skills Weapon Skills quarterstaff [Basic / Expert] Spellcasting Skills attack spells [Skilled / Expert] enchantment spells [Basic / Skilled] Final Attributes: You were piously aligned. Hunger level was 975. Your alignment was 26 / 26. Monster difficulty range was 0 - 6. Level difficulty was 4. You were immune to sleep. You resisted poison. You were magic-protected. You saw invisible. You were telepathic. You had infravision. You had slower digestion. Your luck was zero. You are dead. Vanquished creatures: a large cat a chameleon 2 giant beetles a wolf a lizard a dingo a dwarf lord a blue jelly a human zombie 4 bugbears 2 gnome lords a gnomish wizard an elf zombie a straw golem a baby crocodile 3 giant ants 2 floating eyes a kitten 3 dwarves a kobold lord a kobold shaman 8 hill orcs a rothe a rabid rat a giant bat a monkey a wererat an iguana an acid blob 2 gas spores 3 hobbits a large kobold 7 hobgoblins a red mold 23 gnomes 8 garter snakes 2 geckos 4 jackals a fox a kobold a goblin a grid bug a bat a lichen a kobold zombie a newt 105 creatures vanquished. Voluntary challenges: You used a wielded weapon 52 times. You read items or engraved 30 times. You put on armor 3 times. You never genocided any monsters. You never polymorphed an object. You never changed form. You used no wishes. You wrote Elbereth's name 16 times. You never encountered a bones level. You never used any Sokoban shortcuts. Dungeon overview: The Dungeons of Doom: levels 1 to 9 Level 1 (vault) some fountains a long staircase Level 2 a fountain, a sink Level 3 a tool shop Level 4 <- You were here stairs to The Gnomish Mines Level 5 a fountain Level 6 a throne Level 7 many fountains Level 8 (cockatrice+winterwolves) The Gnomish Mines: levels 5 to 6 Level 5 stairs to The Dungeons of Doom History has recorded: On T:1 you entered the Dungeons of Doom to retrieve the Amulet of Yendor! On T:290 you reached level 2 of The Dungeons of Doom. On T:550 you advanced to experience level 2. On T:602 you reached level 3 of The Dungeons of Doom. On T:671 you reached level 4 of The Dungeons of Doom. On T:859 you advanced to experience level 3. On T:1008 you advanced to experience level 4. On T:1023 you reached level 5 of The Dungeons of Doom. On T:1191 you reached level 6 of The Dungeons of Doom. On T:1219 you advanced to experience level 5. On T:1515 you reached level 7 of The Dungeons of Doom. On T:1542 you advanced to experience level 6. On T:1707 you advanced to experience level 7. On T:2623 you reached level 8 of The Dungeons of Doom. On T:2711 you reached level 9 of The Dungeons of Doom. On T:2902 you reached level 1 of The Gnomish Mines. On T:3136 you reached level 2 of The Gnomish Mines. On T:3160 you advanced to experience level 8. Latest messages: The elven dagger hits the gnome mummy. The crude dagger hits the gnome mummy. You miss the gnome mummy. The gnome mummy hits! [HP-6=22] [HP+1=23] The spell hits the gnome mummy! The gnome mummy resists! The gnome mummy hits! [HP-6=17] The bolt of cold hits the gnome mummy. The bolt of cold bounces! The bolt of cold hits the gnome mummy. The bolt of cold hits you! You die... Final status: Goodbye casaubon the Wizard... You died in The Dungeons of Doom on dungeon level 4 with 4645 points, and 850 pieces of gold, after 3274 moves. You were level 8 with a maximum of 54 hit points when you died.